 Dungeon Crawl Stone Soup version 0.30-a0-772-g5528072125 (webtiles) character file.

Game seed: 16782380468125215661

196 Twinkles the Vexing (level 5, -2/41 HPs)
             Began as a Gnoll Hexslinger on Feb 12, 2023.
             Slain by a black bear (3 damage)
             ... on level 3 of the Dungeon.
             The game lasted 00:14:08 (3210 turns).

Twinkles the Vexing (Gnoll Hexslinger)              Turns: 3210, Time: 00:14:08

Health: -2/41      AC:  9    Str: 14    XL:     5   Next: 74%
Magic:  6/9        EV: 12    Int: 12    God:
Gold:   95         SH:  0    Dex: 14    Spells: 9/10 levels left

rFire   + . .      SeeInvis .    a - +1 sling
rCold   . . .      Faith    .    (no shield)
rNeg    . . .      Spirit   .    x - +0 ring mail "Jiekaneazo" {rF+ Str+4 Stlth+}
rPois   .          Reflect  .    (no helmet)
rElec   .          Harm     .    (no cloak)
rCorr   .          Rampage  .    (no gloves)
Will    .....                    (no boots)
Stlth   ++                       (no amulet)
HPRegen 0.26/turn                e - +4 ring of protection
MPRegen 0.11/turn                (no ring)

@: no status effects
A: fangs 1, strong nose, distributed training
a: no special abilities


You were on level 3 of the Dungeon.
You visited 1 branch of the dungeon, and saw 4 of its levels.

You collected 95 gold pieces.

Inventory:

Hand Weapons
 a - a +1 sling (weapon)
 b - a +1 dagger of electrocution
 j - a +0 short sword
Missiles
 n - 11 poisoned darts
Armour
 c - a +0 chain mail
 o - a +2 robe of resistance
 x - the +0 ring mail "Jiekaneazo" (worn) {rF+ Str+4 Stlth+}
   (You took it off a hobgoblin on level 3 of the Dungeon)

   Str:       It affects your strength (+4).
   rF:        It protects you from fire.
   Stlth:     It makes you more stealthy.
Jewellery
 e - a +4 ring of protection (left hand)
Wands
 p - a wand of paralysis (11)
Scrolls
 d - a scroll of blinking {unknown}
 f - a scroll of vulnerability {unknown}
 g - a scroll of fog {unknown}
 l - a scroll of summoning {unknown}
 u - a scroll of torment {unknown}
 v - a scroll of immolation {unknown}
 w - a scroll of poison
 y - a scroll of brand weapon {unknown}
 E - a scroll of fear
 Y - 2 scrolls of teleportation
 Z - 3 scrolls of identify
Potions
 i - a potion of invisibility {unknown}
 q - a potion of curing {unknown}
 r - a potion of mutation {unknown}
 s - a potion of ambrosia {unknown}
 z - a potion of resistance {unknown}
 H - 2 potions of haste
 M - 2 potions of might


   Skills:
 + Level 3.1 Fighting
 + Level 1.7 Short Blades
 + Level 1.7 Long Blades
 + Level 1.7 Axes
 + Level 1.7 Maces & Flails
 + Level 1.7 Polearms
 + Level 1.7 Staves
 + Level 4.9 Ranged Weapons
 + Level 1.7 Throwing
 + Level 1.7 Armour
 + Level 4.9 Dodging
 + Level 1.7 Stealth
 + Level 1.7 Shields
 + Level 1.7 Unarmed Combat
 + Level 3.3 Spellcasting
 + Level 1.3 Conjurations
 + Level 5.6 Hexes
 + Level 1.3 Summonings
 + Level 1.3 Necromancy
 + Level 1.3 Translocations
 + Level 1.3 Transmutations
 + Level 1.3 Fire Magic
 + Level 1.3 Ice Magic
 + Level 1.3 Air Magic
 + Level 1.3 Earth Magic
 + Level 1.3 Poison Magic
 + Level 1.9 Invocations
 + Level 1.7 Evocations


You had 9 spell levels left.
You knew the following spells:

 Your Spells              Type           Power      Damage    Failure   Level
a - Slow                  Hex            60%        N/A       4%          1

Your spell library contained the following spells:

 Spells                   Type           Power      Damage    Failure   Level
 Dazzling Flash           Conj/Hex       20%        N/A       34%         3
 Inner Flame              Hex/Fire       10%        N/A       34%         3
 Portal Projectile        Hex/Tloc       20%        N/A       34%         3
 Cause Fear               Hex            7%         N/A       43%         4
 Iskenderun's Mystic Bla  Conj/Tloc      5%         2d3       95%         4
 Starburst                Conj/Fire      2%         6d3       100%        6


Dungeon Overview and Level Annotations

Branches:
Dungeon (4/15) Zot: 20706
 Temple: D:4-7

Altars:

Shops:
D:1 =


Innate Abilities, Weirdness & Mutations

You have very sharp teeth.
Your uncanny sense of smell can sniff out nearby items.
Your experience applies equally to all skills.


Message History

The black bear claws you but does no damage.
The black bear claws you. The black bear closely misses you.
The black bear claws you but does no damage. x2
You climb upwards.
There is a stone staircase leading down here.
Casting: Slow (safe; 4% risk of failure)
Confirm with . or Enter, or press ? or * to list all spells.
Aiming: Slow (safe; 4% risk of failure)
Press: ? - help, Shift-Dir - straight line, f - black bear
Aim: a black bear (almost dead, berserk, chance to affect: 49%)
The black bear resists with some effort.
The black bear barely misses you. The black bear misses you.
The black bear claws you but does no damage.
The black bear closely misses you. The black bear completely misses you.
The black bear claws you.
The black bear misses you. x2; The black bear claws you.
Casting: Slow (safe; 4% risk of failure)
Confirm with . or Enter, or press ? or * to list all spells.
Aiming: Slow (safe; 4% risk of failure)
Press: ? - help, Shift-Dir - straight line, f/p - black bear
Aim: a black bear (almost dead, berserk, chance to affect: 49%)
The black bear resists with some effort.
The black bear bites you but does no damage.
The black bear claws you.
The black bear claws you but does no damage.
The black bear bites you.
The black bear claws you but does no damage.
The black bear claws you.
* * * LOW HITPOINT WARNING * * *
Casting: Slow (safe; 4% risk of failure)
Confirm with . or Enter, or press ? or * to list all spells.
Aiming: Slow (safe; 4% risk of failure)
Press: ? - help, Shift-Dir - straight line, f/p - black bear
Aim: a black bear (almost dead, berserk, chance to affect: 49%)
The black bear resists with some effort.
The black bear bites you!
* * * LOW HITPOINT WARNING * * *
The black bear claws you.
You die...

## .# #####
.####...##
....'....#
.####....#
.#<).....###########
................@h>#
.#################.#
)# #.# ### #######
#.# ..# #.....# #.#
#.####+###.# #.#
#.).....##.# #.#
#.......##.#######.#
#.....[.##.........#


You could see a black bear (berserk).

Vanquished Creatures
  Jessica (D:2)
  Terence (D:3)
  An orc wizard (D:3)
  4 adders
  4 worms
  5 orcs (D:3)
  7 bats
  2 endoplasms
  2 giant cockroaches (D:2)
  6 hobgoblins
  9 kobolds
  A quokka (D:1)
  4 ball pythons
  6 frilled lizards
  11 goblins
  6 rats
70 creatures vanquished.

Notes
Turn   | Place    | Note
-------+----------+-------------------------------------------
     0 | D:1      | Twinkles the Gnoll Hexslinger began the quest for the Orb.
     0 | D:1      | Reached XP level 1. HP: 17/17 MP: 4/4
    33 | D:1      | Found a faded altar of an unknown god.
   226 | D:1      | Reached XP level 2. HP: 23/23 MP: 5/5
   497 | D:1      | Found Elahol Dequa's Jewellery Emporium.
   573 | D:1      | Reached XP level 3. HP: 28/28 MP: 7/7
   981 | D:2      | Reached skill level 1 in Invocations
   986 | D:2      | Reached skill level 1 in Short Blades
   986 | D:2      | Reached skill level 1 in Long Blades
   986 | D:2      | Reached skill level 1 in Axes
   986 | D:2      | Reached skill level 1 in Maces & Flails
   986 | D:2      | Reached skill level 1 in Polearms
   986 | D:2      | Reached skill level 1 in Staves
   986 | D:2      | Reached skill level 1 in Throwing
   986 | D:2      | Reached skill level 1 in Armour
   986 | D:2      | Reached skill level 1 in Stealth
   986 | D:2      | Reached skill level 1 in Shields
   986 | D:2      | Reached skill level 1 in Unarmed Combat
   986 | D:2      | Reached skill level 1 in Evocations
  1174 | D:2      | Noticed Jessica
  1200 | D:2      | HP: 8/28 [Jessica/+0 club (2)]
  1336 | D:2      | Killed Jessica
  1337 | D:2      | Reached skill level 1 in Conjurations
  1337 | D:2      | Reached skill level 1 in Summonings
  1337 | D:2      | Reached skill level 1 in Necromancy
  1337 | D:2      | Reached skill level 1 in Translocations
  1337 | D:2      | Reached skill level 1 in Transmutations
  1337 | D:2      | Reached skill level 1 in Fire Magic
  1337 | D:2      | Reached skill level 1 in Ice Magic
  1337 | D:2      | Reached skill level 1 in Air Magic
  1337 | D:2      | Reached skill level 1 in Earth Magic
  1337 | D:2      | Reached skill level 1 in Poison Magic
  1337 | D:2      | Reached XP level 4. HP: 25/34 MP: 6/8
  2122 | D:3      | Reached XP level 5. HP: 40/40 MP: 9/9
  2257 | D:3      | Noticed Terence
  2490 | D:3      | Identified the +0 ring mail "Jiekaneazo" {rF+ Str+4 Stlth+}
  2705 | D:3      | Killed Terence
  3186 | D:4      | Noticed a black bear
  3193 | D:4      | Noticed a black bear
  3208 | D:3      | HP: 12/41 [black bear (5)]
  3210 | D:3      | HP: 1/41 [black bear (11)]
  3210 | D:3      | Slain by a black bear

Illustrated notes

Levels and vault maps discovered:
D:1:      dpeg_arrival_tiny_h, layout_basic, serial_shops, shop,
          chequers_ecumenical_altar_simple, chequers_serial_rivers_large_b
D:2:      layout_basic, grunt_decor_clamped, uniq_jessica
D:3:      layout_basic, uniq_terence
D:4:      layout_cave_pods, serial_shops, shop, minmay_increasing_density

Skill      XL: |  1  2  3  4  5 |
---------------+----------------+-----
Invocations    | 1 |  1.9
Short Blades   | 1 |  1.7
Long Blades    | 1 |  1.7
Axes           | 1 |  1.7
Maces & Flails | 1 |  1.7
Polearms       | 1 |  1.7
Staves         | 1 |  1.7
Throwing       | 1 |  1.7
Armour         | 1 |  1.7
Stealth        | 1 |  1.7
Shields        | 1 |  1.7
Unarmed Combat | 1 |  1.7
Evocations     | 1 |  1.7
Spellcasting   | 3 |  3.3
Conjurations   | 1 |  1.3
Summonings     | 1 |  1.3
Necromancy     | 1 |  1.3
Translocations | 1 |  1.3
Transmutations | 1 |  1.3
Fire Magic     | 1 |  1.3
Ice Magic      | 1 |  1.3
Air Magic      | 1 |  1.3
Earth Magic    | 1 |  1.3
Poison Magic   | 1 |  1.3
Fighting       | 3 |  3.1
Ranged Weapons | |  4.9
Dodging        | |  4.9
Hexes          | |  5.6

Action                     |  1- 3 |  4- 6 || total
---------------------------+-------+-------++-------
   Fire: Sling             |   118 |   167 ||   285
   Cast: Slow              |     5 |    11 ||    16
    Use: Scroll            |       |     3 ||     3
 Armour: Robe              |    15 |    22 ||    37
         Ring mail         |       |    13 ||    13
  Dodge: Dodged            |    33 |    54 ||    87

Table legend: (Time is in decaauts)
 A = Elapsed time spent in this place.
 B = Non-inter-level travel time spent in this place.
 C = Inter-level travel time spent in this place.
 D = Time resting spent in this place.
 E = Time spent auto-exploring this place.
 F = Levels seen in this place.
 G = Mean time per level.
                   A        B        C        D        E       F      G
               +--------+--------+--------+--------+--------+-----+--------+
         Total |   3292 |   3005 |    287 |    220 |   2070 |   4 |  823.0 |
       Dungeon |   3292 |   3005 |    287 |    220 |   2070 |   4 |  823.0 |
               +--------+--------+--------+--------+--------+-----+--------+

Top non-repeatable levels by time:
     D:2: 1124 daAuts
     D:1: 1123 daAuts
     D:3: 1000 daAuts
     D:4: 44 daAuts
